 Dungeon Crawl Stone Soup version 0.23-a0-417-gf02c810438 (webtiles) character file.

1790 Napalmbreeze the Cudgeler (level 9, -2/56 HPs)
             Began as a Gargoyle Fighter on Nov 11, 2018.
             Was a Follower of Okawaru.
             Killed by divine providence
             ... invoked by an orc priest
              (9 damage)
             ... on level 7 of the Dungeon.
             The game lasted 00:12:03 (7418 turns).

Napalmbreeze the Cudgeler (Gargoyle Fighter)        Turns: 7418, Time: 00:12:04

Health: -2/56      AC: 17    Str: 23    XL:     9   Next: 8%
Magic:  8/10       EV: 12    Int:  9    God:    Okawaru [*.....]
Gold:   328        SH:  6    Dex:  9    Spells: 8/8 levels left

rFire    . . .     SeeInvis .   a - +0 flail
rCold    . . .     Gourm    .   D - +0 buckler
rNeg     + . .     Faith    .   b - +0 scale mail
rPois    ∞         Spirit   .   (no helmet)
rElec    +         Reflect  .   (no cloak)
rCorr    .         Harm     .   (no gloves)
MR       .....                  t - +0 pair of boots
Stlth    +.........             (no amulet)
HPRegen  0.18/turn              (no ring)
MPRegen  0.12/turn              (no ring)

@: heroism
A: negative energy resistance 1, electricity resistance, unbreathing,
petrification resistance, rot immunity, AC +6
a: Heroism, Renounce Religion


You were on level 7 of the Dungeon.
You worshipped Okawaru.
Okawaru was aware of your devotion.
You were not hungry.

You visited 2 branches of the dungeon, and saw 8 of its levels.

You collected 328 gold pieces.

Inventory:

Hand Weapons
 a - a +0 flail (weapon)
Missiles
 q - 21 poisoned needles
Armour
 b - a +0 scale mail (worn)
 c - a +0 shield
 e - a +0 chain mail
 t - a +0 pair of boots (worn)
 D - a +0 buckler (worn)
Jewellery
 x - the ring "Beufer" {Wiz rF++ rN+ MR- Stlth+}
   (You found it on level 5 of the Dungeon)

   [ring of wizardry]

   It improves your spell success rate.
   It greatly protects you from fire.
   It protects you from negative energy.
   It affects your resistance to hostile enchantments.
   It makes you more stealthy.
 E - an uncursed ring of resist corrosion {unknown}
Scrolls
 h - 3 scrolls of remove curse
 j - 3 scrolls of immolation {unknown}
 n - 4 scrolls of blinking {unknown}
 p - a scroll of enchant weapon {unknown}
 r - a scroll of fear {unknown}
 u - 3 scrolls of enchant armour {unknown}
 w - a scroll of noise {unknown}
 y - 2 scrolls of amnesia {unknown}
 z - a scroll of fog {unknown}
 A - a scroll of magic mapping {unknown}
 B - 2 scrolls of identify {unknown}
 F - a scroll of teleportation {unknown}
Potions
 d - 2 potions of might
 g - 4 potions of curing {unknown}
 i - 2 potions of lignification {unknown}
 k - a potion of flight {unknown}
 l - a potion of experience {unknown}
 m - 4 potions of agility {unknown}
 o - 2 potions of heal wounds {unknown}
 s - a potion of brilliance {unknown}
 v - a potion of invisibility {unknown}
 C - a potion of haste {unknown}
Comestibles
 f - 17 rations


   Skills:
 + Level 6.5(11.5) Fighting
 * Level 6.9(11.9) Maces & Flails
 + Level 6.5(11.5) Armour
 + Level 6.5(11.5) Shields
 + Level 2.2 Invocations


You had 8 spell levels left.
You didn't know any spells.
Your spell library contained the following spells:

 Spells                   Type           Power        Failure   Level  Hunger
 Animate Skeleton         Necr           N/A          63%         1    ##.....
 Freeze                   Ice            #...         63%         1    ##.....
 Throw Frost              Conj/Ice       #.....       77%         2    ###....
 Ozocubu's Armour         Chrm/Ice       #.......     94%         3    ####...
 Summon Ice Beast         Ice/Summ       #.......     100%        4    #####..
 Throw Icicle             Conj/Ice       #.......     100%        4    #####..


Dungeon Overview and Level Annotations

Branches:
Dungeon (7/15)             Temple (1/1) D:5

Altars:
Ashenzari
Cheibriados
Dithmenos
Elyvilon
Fedhas
Gozag
Hepliaklqana
Kikubaaqudgha
Makhleb
Nemelex Xobeh
Okawaru
Qazlal
Ru
Sif Muna
Trog
Uskayaw
Vehumet
Wu Jian
Xom
Yredelemnul
Zin
The Shining One


Innate Abilities, Weirdness & Mutations

You are resistant to torment.
Your stone body is resilient. (AC +6)
You are immune to poison.
You resist negative energy. (rN+)
You are resistant to electric shocks. (rElec)
You can survive without breathing.
You are immune to petrification.
You are immune to rotting.


Message History

The orc warrior is lightly wounded.
The orc warrior barely misses you.
You barely miss the orc warrior.
The orc warrior is lightly wounded.
The orc hits you with a +0 morningstar.
You sock the orc!
You kill the orc!
Okawaru accepts your kill. The orc warrior closely misses you.
The orc priest invokes the aid of Beogh against you.
Beogh smites you!
You closely miss the orc warrior.
The orc warrior is lightly wounded.
The orc warrior closely misses you.
The orc priest calls down the wrath of Beogh upon you.
Beogh smites you!
* * * LOW HITPOINT WARNING * * *
The orc priest calls down the wrath of Beogh upon you.
Beogh smites you!
You die...

#.# #.# #.#.. #.# #.#
#.... #.# #.# #....
#.######.#######....
#.o..............#..
###(o....#########..
#o###### ##. #.# #. #@#
#. #.# #. ##...
#.#.#############÷
###....
...#.............)
...Y..
..#.......########
#....
...#...###.########
#..> .#.#...#
#.........
#...##.#...###.######..
#.###.#.......# #..


You could see an orc warrior and 2 orc priests.

Vanquished Creatures
  A sky beast (D:5)
  2 ice beasts
  A phantom (D:4)
  3 ogres
  A centaur (D:5)
  A bullfrog (D:7)
  A scorpion (D:5)
  A killer bee (D:6)
  2 howler monkeys (D:5)
  A crimson imp (D:7)
  A quasit (D:7)
  3 jellies
  2 hounds (D:4)
  A bullfrog skeleton (D:6)
  An orc priest (D:7)
  3 orc wizards
  5 worker ants
  Natasha (thrice) (D:3)
  2 iguanas
  A hound skeleton (D:6)
  9 adders
  7 gnolls
  3 worms
  A dart slug (D:1)
  6 leopard geckos
  12 orcs
  A ball python (D:3)
  4 giant cockroaches
  7 goblins
  4 hobgoblins
  8 jackals
  7 kobolds
  A ball python zombie (D:5)
  4 bats
  2 frilled lizards (D:3)
  A quokka zombie (D:5)
  6 rats
119 creatures vanquished.

Notes
Turn   | Place    | Note
-------+----------+-------------------------------------------
     0 | D:1      | Napalmbreeze the Gargoyle Fighter began the quest for the
                  | Orb.
     0 | D:1      | Reached XP level 1. HP: 14/14 MP: 1/1
   113 | D:1      | Reached XP level 2. HP: 13/19 MP: 2/2
   357 | D:1      | You fall through a shaft!
   425 | D:2      | Reached XP level 3. HP: 16/23 MP: 3/3
  1257 | D:2      | Reached XP level 4. HP: 17/29 MP: 4/4
  2040 | D:3      | Found an ancient bone altar of Kikubaaqudgha.
  2040 | D:3      | Found a radiant altar of Vehumet.
  2041 | D:3      | Found a deep blue altar of Sif Muna.
  2058 | D:3      | Identified Kikubaaqudgha's Incunabulum of Stolen Souls
  2119 | D:3      | Noticed Natasha
  2147 | D:3      | Reached XP level 5. HP: 30/33 MP: 5/5
  2152 | D:3      | Killed Natasha
  2270 | D:3      | Found a hide-covered altar of Uskayaw.
  2273 | D:3      | Noticed Natasha
  2340 | D:3      | Killed Natasha
  2630 | D:3      | Noticed Natasha
  2640 | D:3      | Killed Natasha
  2970 | D:3      | Reached XP level 6. HP: 32/39 MP: 6/6
  4193 | D:4      | Reached skill level 5 in Shields
  4200 | D:4      | Reached skill level 5 in Fighting
  4200 | D:4      | Reached skill level 5 in Armour
  4200 | D:4      | Reached XP level 7. HP: 29/44 MP: 7/7
  4314 | D:4      | You fall through a shaft for 3 floors!
  4661 | D:5      | Entered Level 5 of the Dungeon
  4752 | D:5      | Reached skill level 5 in Maces & Flails
  4765 | D:5      | Got a scorched golden ring
  4766 | D:5      | Identified the ring "Beufer" {Wiz rF++ rN+ MR- Stlth+} (You
                  | found it on level 5 of the Dungeon)
  4847 | D:5      | Reached XP level 8. HP: 10/50 MP: 8/8
  5949 | D:5      | Found a staircase to the Ecumenical Temple.
  5960 | Temple   | Entered the Ecumenical Temple
  6124 | Temple   | Became a worshipper of Warmaster Okawaru
  6364 | D:5      | Reached skill level 1 in Invocations
  6644 | D:6      | Got an ebony long sword
  6645 | D:6      | Identified the cursed +3 long sword of Greed {drain, +Inv}
                  | (You found it on level 6 of the Dungeon)
  7185 | D:7      | Reached * piety under Okawaru
  7185 | D:7      | Reached XP level 9. HP: 35/56 MP: 10/10
  7418 | D:7      | Killed from afar by an orc priest

Vault maps used:
D:1:      roderic_crossed_star, serial_corexii_hall, corexii_hall_statues_u,
          corexii_hall_statues_deadend, corexii_hall_statues_s
D:3:      grunt_temple_overflow_magic_moments, eat_drink_and_be_merry_uskayaw,
          uniq_natasha
D:5:      minmay_temple_entry_glassed_door, first_ration
D:6:      hangedman_decor_clover_reticule
D:7:      grunt_ogre_cave, tgw_xom
Temple:   dpeg_five_rooms_temple

Skill      XL: |  1  2  3  4  5  6  7  8 |
---------------+-------------------------+-----
Shields        | 4 5 6 |  6.5
Fighting       | 4 5 6 |  6.5
Armour         | 4 5 6 |  6.5
Maces & Flails | 3 4 5 6 |  6.9
Invocations    | 2 |  2.2

Action                   |  1- 3 |  4- 6 |  7- 9 || total
-------------------------+-------+-------+-------++-------
Melee: Flail             |   104 |   259 |   344 ||   707
Throw: Throwing net      |       |     2 |       ||     2
Invok: Heroism           |       |       |     1 ||     1
  Use: Scroll            |       |       |     1 ||     1
  Eat: Chunk             |       |    11 |    11 ||    22
Armor: Scale mail        |    61 |   136 |   184 ||   381
Dodge: Dodged            |    37 |    80 |   103 ||   220
Block: Shield            |    49 |   130 |   113 ||   292
       Buckler           |       |       |    28 ||    28

Table legend:
 A = Non-vault XP
 B = Vault XP
 C = Vault XP percentage of total XP
 D = Non-vault monster count
 E = Vault monster count
 F = Vault count percentage of total count
                 A         B        C        D         E       F
            +---------+---------+-------+---------+---------+-------
      Total |    2523 |      35 |   1.4 |     118 |       1 |   0.8
            +---------+---------+-------+---------+---------+-------
        D:1 |      26 |       0 |   0.0 |       8 |       0 |   0.0
        D:2 |     109 |       0 |   0.0 |      21 |       0 |   0.0
        D:3 |     302 |      35 |  10.4 |      34 |       1 |   2.9
        D:4 |     548 |       0 |   0.0 |      11 |       0 |   0.0
        D:5 |     676 |       0 |   0.0 |      18 |       0 |   0.0
        D:6 |     412 |       0 |   0.0 |      15 |       0 |   0.0
        D:7 |     450 |       0 |   0.0 |      11 |       0 |   0.0
            +---------+---------+-------+---------+---------+-------
